[Event "1st Doppelbauer Kiel IM 2022"]
[Site "Kiel"]
[Date "2022.07.03"]
[Round "7.3"]
[White "Kopylov, Daniel"]
[Black "Zavgorodniy, Sergiy"]
[Result "1-0"]
[ECO "C41"]
[WhiteElo "2292"]
[BlackElo "2423"]
[Annotator "TA"]
[PlyCount "45"]
[EventDate "2022.06.30"]
[EventType "tourn"]
[EventCountry "GER"]
[SourceTitle "playchess.com"]
[Source "ChessBase"]
[SourceQuality "1"]
[TimeControl "40/5400+30:1800+30"]

1. e4 e5 2. Nf3 d6 3. d4 exd4 4. Nxd4 Nf6 5. Nc3 Be7 6. g3 O-O 7. Bg2 {[%emt 0:00:10] C41: Philidor Defence.} Bg4 8. f3 Bd7 9. O-O {[%emt 0:00:22] White is slightly better.} c5 10. Nde2 Bc6 11. g4 b5 {[%emt 0:18:07] [#]} 12. g5 $146 ({Predecessor:} 12. Ng3 b4 13. Nd5 Bxd5 14. exd5 Nfd7 15. Re1 Bh4 16. f4 Re8 {½-½ (16) Socko,B (2631)-Ghaem Maghami,E (2599) Beijing 2008}) 12... Nh5 13. f4 Nd7 {[%emt 0:01:39] [#]} ({Black should play} 13... g6) 14. Bf3 $1 $16 g6 15. Bxh5 gxh5 16. Ng3 h4 (16... f6 $16 {is a better defense.}) 17. Nf5 $1 $18 Re8 (17... Nb6 $142 18. Qh5 Kh8) 18. Nh6+ {[%emt 0:07:29] White is clearly winning.} Kg7 19. Qh5 Rf8 20. b3 ({Not} 20. Ng4 Qe8 21. f5 (21. Qxh4 b4 $18) 21... Kh8 22. Qxh4 Rg8 $18) 20... Qe8 21. Nf5+ {[%emt 0:01:04] Pair of Knights!} ({Weaker is} 21. Ng4 f6 22. Qxh4 (22. gxf6+ Bxf6 23. Nxf6 Nxf6 $17) 22... h5 $16) 21... Kh8 22. Bb2 f6 23. g6 {[%emt 0:00:14] Black got outplayed after the opening.  Weighted Error Value: White=0.01 (flawless) /Black=0.35} 1-0

[Event "1st Doppelbauer Kiel IM 2022"]
[Site "Kiel"]
[Date "2022.07.03"]
[Round "7.4"]
[White "Barseghyan, Armen Ar."]
[Black "Lanka, Zigurds"]
[Result "1/2-1/2"]
[ECO "E97"]
[WhiteElo "2378"]
[BlackElo "2397"]
[Annotator "TA"]
[PlyCount "79"]
[EventDate "2022.06.30"]
[EventType "tourn"]
[EventCountry "GER"]
[SourceTitle "playchess.com"]
[Source "ChessBase"]
[SourceQuality "1"]
[TimeControl "40/5400+30:1800+30"]

1. d4 Nf6 2. c4 g6 3. Nc3 Bg7 4. e4 d6 5. Nf3 O-O 6. Be2 e5 7. O-O Nc6 8. dxe5 dxe5 9. Bg5 Qxd1 10. Rfxd1 Bg4 {[%emt 0:00:09] The old main line.} 11. h3 Bxf3 {[%emt 0:00:12] E97: King's Indian: Classical Main Line (6...e5 7 0-0 Nc6): 8 Be3 and 8 d5 Ne7, not 9 Ne1.} 12. Bxf3 Nd4 13. Nd5 Nxd5 {[%emt 0:03:13] White has an edge.} 14. cxd5 c6 15. dxc6 bxc6 16. Rac1 Rfb8 17. Rd2 a5 18. Be3 Ra6 {[%emt 0:01:39] [#]} 19. Bd1 $146 ({Predecessor:} 19. Rc5 a4 20. Bd1 a3 21. b3 Rb5 22. Rc4 c5 23. Rc1 Ra8 24. Be2 Rba5 25. Bc4 {1-0 (37) Horvath,D (2329)-Guthrie,D (2181) Caleta 2018}) 19... Rab6 20. b3 h5 21. h4 Ra6 (21... Rd8 $14) 22. Rc5 ({White should try} 22. Bxd4 $16 exd4 23. Be2) 22... Rb5 $14 23. Bxd4 exd4 24. Rxb5 {[%emt 0:00:01] White is more active.} cxb5 {[%emt 0:00:10][%mdl 4096] Endgame KRB-KRB} 25. Be2 Re6 26. f3 Rc6 27. Bxb5 Rc3 28. Bd3 Bh6 29. Rd1 Be3+ 30. Kf1 Bf4 31. Kf2 {[%emt 0:00:55] Against Bg3+} Be3+ 32. Ke2 Bf4 33. Kf2 Be3+ 34. Kg3 $1 Kg7 35. f4 a4 36. bxa4 {[%emt 0:01:27] aiming for a5.} (36. b4 $5 ) 36... Ra3 37. Bc4 {[%emt 0:00:34] [#] Bb3 is the strong threat.} Rc3 38. Bd3 {[%emt 0:02:06] Threatens to win with a5.} Ra3 39. Bc4 {[%emt 0:00:15] And now Bb3 would win.} Rc3 40. Bd3 {[%emt 0:00:19] Weighted Error Value: White=0.11 (very precise) /Black=0.07 (flawless)} 1/2-1/2

[Event "1st Doppelbauer Kiel IM 2022"]
[Site "Kiel"]
[Date "2022.07.03"]
[Round "7.5"]
[White "Arndt, Magnus"]
[Black "Fromm, Marius"]
[Result "1/2-1/2"]
[ECO "B52"]
[WhiteElo "2343"]
[BlackElo "2317"]
[Annotator "TA"]
[PlyCount "106"]
[EventDate "2022.06.30"]
[EventType "tourn"]
[EventCountry "GER"]
[SourceTitle "playchess.com"]
[Source "ChessBase"]
[SourceQuality "1"]
[TimeControl "40/5400+30:1800+30"]

1. e4 c5 2. Nf3 d6 3. Bb5+ Bd7 4. Bxd7+ Qxd7 5. O-O Nf6 6. Qe2 Nc6 7. Rd1 {[%emt 0:00:25] B52: Sicilian: Moscow Variation with 3...Bd7.} (7. c3 $14) 7... e6 (7... g5 $5 ) 8. d4 cxd4 9. Nxd4 Be7 10. c4 O-O 11. Nc3 Nxd4 {[%emt 0:02:43] was the old line (11...Rac8).} 12. Rxd4 Qc6 13. b3 a6 14. Bb2 Rab8 15. a4 {[%emt 0:16:38] [#]} Rfe8 $146 ({Predecessor:} 15... Nd7 16. Rd3 Nc5 17. Rg3 g6 18. Qh5 Bf6 19. Qh6 Rfe8 20. Rh3 Nxe4 21. Qxh7+ Kf8 22. Rf3 Re7 23. Rxf6 Nxf6 24. Qh6+ Ke8 25. Qh8+ Kd7 26. Qxb8 Qb6 27. c5 {1-0 (27) Antal,G (2524)-Pop,A (2248) Vienna 2015}) 16. Rd3 Bf8 17. Rad1 Nd7 18. Rh3 Qb6 (18... Rbd8 $11) 19. Qc2 (19. e5 $14 {might be stronger.}) 19... Ne5 $11 20. Ne2 Qc5 21. Bd4 Qc7 22. f4 Ng6 23. Rc3 (23. f5 {keeps more tension.} exf5 24. exf5 Rxe2 25. Qxe2 Nf4 26. Qg4) 23... e5 24. Be3 exf4 25. Nxf4 Nxf4 26. Bxf4 Qc6 27. Rd5 Re6 (27... Rbc8 $11 {remains equal.}) 28. c5 $16 {[%emt 0:00:00] Threatens to win with cxd6.} Qe8 (28... Rc8 $2 29. cxd6 $1 Qb6+ 30. Qf2 Qxf2+ 31. Kxf2 $18) 29. cxd6 Rxe4 30. Bg3 {[%emt 0:00:00] White is much more active.} (30. d7 $16 Qe6 31. Rc8 (31. Bxb8 Qxd5 32. h3 Re1+ 33. Kh2 Qxd7 $17) 31... Rxf4 32. Rd1) 30... Qe6 $2 (30... Re1+ $1 $11 31. Kf2 Qe6) 31. Qd1 $18 {[%emt 0:00:00] Black must now prevent Kf1.} Rd8 {[%emt 0:00:53][%cal Od8d6] [#]} 32. h3 (32. d7 $142 $1) 32... Rd7 (32... h5 $142) 33. Kh2 (33. Rc7 $16) 33... f5 $14 34. Rc4 b5 (34... g6 $11 {and Black has nothing to worry.}) 35. axb5 $18 axb5 36. Rcd4 ({Reject} 36. Rxb5 $6 f4 37. Bxf4 Rxf4 38. Rxf4 Bxd6 $11) (36. Rc8 $16 h5 37. Qd3 (37. Rxb5 h4 $16)) 36... Rxd4 37. Rxd4 ({White should play} 37. Qxd4 $14 b4 38. Kg1) 37... g5 $11 38. Rd5 h6 $1 $36 {[%emt 0:00:36][%mdl 2048] Black fights for an advantage.} 39. Be5 Bg7 40. Bxg7 Kxg7 {[%emt 0:00:04][%mdl 4096] Endgame KQR-KQR} 41. Qd4+ Kg6 42. Qd3 {[%emt 0:00:00] aiming for g4.} Kf6 43. Qc3+ Kg6 44. Qc5 h5 45. Qxb5 {[%emt 0:00:00] And now Qd3 would win.} Rxd6 46. Re5 Qf7 47. Qc5 Re6 48. b4 Rxe5 49. Qxe5 h4 50. b5 Qb3 51. Qe8+ Kh6 52. Qc6+ Kh7 ({Black should try} 52... Kg7 $11) 53. b6 (53. Qf3 $1 $14 Qxb5 54. Qh5+ Kg8 55. Qxg5+ Kf7 56. Qh5+ (56. Qxh4 Qe5+ 57. Qg3 f4 $14) 56... Ke6 57. Qh6+ (57. Qxh4 Qe5+ 58. Qg3 f4 $14) 57... Kf7 58. Qxh4) 53... Qg3+ {[%emt 0:12:35] Weighted Error Value: White=0.19 (very precise) /Black=0.23 (precise)} 1/2-1/2

[Event "1st Doppelbauer Kiel IM 2022"]
[Site "Kiel"]
[Date "2022.07.04"]
[Round "8.1"]
[White "Beeck, Mats"]
[Black "Fromm, Marius"]
[Result "1/2-1/2"]
[ECO "E02"]
[WhiteElo "2169"]
[BlackElo "2317"]
[Annotator "TA"]
[PlyCount "108"]
[EventDate "2022.06.30"]
[EventType "tourn"]
[EventCountry "GER"]
[SourceTitle "playchess.com"]
[Source "ChessBase"]
[SourceQuality "1"]
[TimeControl "40/5400+30:1800+30"]

1. d4 Nf6 2. c4 e6 3. Nf3 d5 4. g3 dxc4 5. Bg2 Be7 6. Qa4+ Nbd7 7. Qxc4 a6 8. Qc2 O-O 9. O-O Ra7 {[%emt 0:00:00] E02: Open Catalan: 5 Qa4+.} 10. Rd1 b6 11. Ne5 {[%emt 0:03:39] [#] Hoping for Nc6.} Bb7 $146 {[%emt 0:00:00] White is better.} ({Predecessor:} 11... Nb8 12. Nc3 Bb7 13. e4 Nbd7 14. Bf4 Nxe5 15. Bxe5 Nd7 16. Bf4 Bd6 17. Be3 Qa8 {1-0 (48) Yu,Y (2760)-Hevia Alejano,C (2488) Chess.com INT 2018}) 12. Nc6 {[%emt 0:02:48] White is much more active. The black rooks are badly placed.} Bxc6 13. Qxc6 Nd5 (13... Nb8 $14 14. Qc2 Nbd7) 14. a3 $16 (14. Bxd5 Nb8 15. Qc2 Qxd5 $14) 14... b5 15. Nd2 ({Don't do} 15. Bxd5 Nb8 $14) 15... N7b6 16. Qc2 Qc8 17. e4 Nf6 18. Nb3 $1 {[%emt 0:01:27] Inhibits c5.} Rd8 19. Bf4 Nc4 {[%emt 0:00:00] Prevents Na5.} 20. Rac1 Nh5 (20... h6 $142) 21. Bd2 Nxd2 22. Qxd2 Nf6 23. Qe3 (23. Na5 $18 Ra8 24. Nc6) 23... a5 (23... c6 $16) 24. d5 $1 $18 Ra6 25. Nc5 Rb6 26. dxe6 fxe6 27. b4 axb4 28. axb4 e5 29. Qb3+ Kh8 30. Qf7 (30. Rxd8+ $16 Qxd8 31. Qc3) 30... Rxd1+ $14 31. Rxd1 Rd6 (31... Bd6 $14) 32. Ra1 $16 Qf8 33. Qxf8+ Bxf8 34. Ra8 Kg8 35. Bh3 Kf7 {[%emt 0:00:00] [#] Prevents Be6+.} 36. Ra7 (36. Be6+ $1 $14 Ke7 37. Rc8) 36... Rd1+ $11 37. Kg2 Bd6 38. Rb7 Rc1 ({But not} 38... Bxc5 39. bxc5 Kf8 40. Rxc7 $16) 39. Kf3 Rc3+ 40. Ke2 Rc2+ 41. Kf3 Rc3+ 42. Ke2 Ke7 43. Rxb5 ({Of course not} 43. Kd2 Rc4 $15) 43... Bxc5 {[%emt 0:00:33][%mdl 64] Remove Defender} (43... Rc2+ {keeps more tension.} 44. Ke3 Rc4 45. Nd3 Rxe4+ 46. Kf3 g6) 44. Rxc5 Rxc5 45. bxc5 {[%emt 0:00:05] Black must now prevent Ke3.} Nxe4 {[%emt 0:00:03][%mdl 4096] Endgame KB-KN} 46. Bf5 Nxc5 47. Bxh7 Kf6 48. Bb1 e4 $2 {[%emt 0:00:45] [#]} (48... g5 $11 {and Black stays safe.}) 49. Ke3 ({White should try} 49. h4 $1 $18) 49... g5 $16 50. Bxe4 {[%emt 0:01:38] Strongly threatening f4.} Ke5 51. f4+ (51. Bc6 $16) 51... gxf4+ $11 {[%emt 0:00:02] The position is equal.} 52. gxf4+ Kf6 53. Bc2 Ne6 54. h4 Nxf4 $2 {[%emt 0:00:14][%mdl 40960] Weighted Error Value: White=0.19 (very precise) /Black=0.18 (very precise) . An unexpected result.} 1/2-1/2

[Event "1st Doppelbauer Kiel IM 2022"]
[Site "Kiel"]
[Date "2022.07.04"]
[Round "8.2"]
[White "Lanka, Zigurds"]
[Black "Arndt, Magnus"]
[Result "1/2-1/2"]
[ECO "C77"]
[WhiteElo "2397"]
[BlackElo "2343"]
[Annotator "TA"]
[PlyCount "35"]
[EventDate "2022.06.30"]
[EventType "tourn"]
[EventCountry "GER"]
[SourceTitle "playchess.com"]
[Source "ChessBase"]
[SourceQuality "1"]
[TimeControl "40/5400+30:1800+30"]

1. e4 e5 2. Nf3 Nc6 3. Bb5 a6 4. Ba4 Nf6 5. d3 b5 6. Bb3 Be7 7. Nc3 d6 8. a3 {[%emt 0:02:33] C77: Ruy Lopez: 3...a6 4 Ba4 Nf6, unusual lines.} O-O 9. Nd5 {[%emt 0:02:10] [#]} Rb8 $146 ({Predecessor:} 9... Nxd5 10. Bxd5 Qe8 11. O-O Rb8 12. h3 Kh8 13. Re1 f5 14. c3 Bf6 15. d4 f4 16. dxe5 Nxe5 {0-1 (32) Martinez Alcantara,J (2598)-Aronian,L (2785) Saint Louis 2022}) 10. c3 {[%emt 0:05:15] The position is equal.} Na5 11. Nxe7+ Qxe7 12. Bc2 c5 13. b4 Nc6 14. bxc5 (14. O-O $11) 14... dxc5 (14... d5 $15) 15. Qe2 b4 (15... Bg4 $11) 16. Ba4 $14 {[%emt 0:02:34] White is slightly better.} Bd7 17. axb4 cxb4 18. O-O {[%emt 0:01:49] Weighted Error Value: White=0.17 (very precise) /Black=0.25 (precise)} 1/2-1/2

[Event "1st Doppelbauer Kiel IM 2022"]
[Site "Kiel"]
[Date "2022.07.04"]
[Round "8.3"]
[White "Zavgorodniy, Sergiy"]
[Black "Barseghyan, Armen Ar."]
[Result "0-1"]
[ECO "B31"]
[WhiteElo "2423"]
[BlackElo "2378"]
[Annotator "TA"]
[PlyCount "82"]
[EventDate "2022.06.30"]
[EventType "tourn"]
[EventCountry "GER"]
[SourceTitle "playchess.com"]
[Source "ChessBase"]
[SourceQuality "1"]
[TimeControl "40/5400+30:1800+30"]

1. e4 c5 2. Nf3 Nc6 3. Bb5 g6 4. O-O Bg7 5. c3 Nf6 6. Re1 O-O 7. h3 Qb6 8. Ba4 {[%emt 0:00:28] 8.a4 is the modern continuation.} d6 {[%emt 0:00:52] B31: Sicilian: 2...Nc6 3 Bb5 g6.} 9. d3 Bd7 10. Nbd2 {[%emt 0:00:48] [#]} Qa6 $146 {[%emt 0:14:07] The position is equal.} ({Predecessor:} 10... Rac8 11. Nf1 Ne5 12. Nxe5 dxe5 13. Bxd7 Nxd7 14. Be3 Rfd8 15. Qb3 Qc6 16. Red1 Nf8 {0-1 (50) Alekseev,E (2589)-Abdusattorov,N (2651) Chess.com INT 2022}) 11. Nf1 Nd4 12. Bc2 Nxc2 13. Qxc2 b5 14. Bg5 Qb7 (14... h6 $5 15. Bxf6 Bxf6 $11) 15. Qd2 Bc6 16. Ng3 Rfe8 17. Qf4 Nd7 18. Rad1 e5 (18... f6 $5 19. Bh6 g5 20. Bxg5 e5 $15) 19. Qh4 d5 20. exd5 Bxd5 21. Ne4 {[%emt 0:00:06] Inhibits f6.} Qb6 {[%emt 0:05:42] Against Nd6} ({Better is} 21... Qc6) 22. c4 $11 Bb7 23. Bh6 (23. cxb5 $11 a6 24. bxa6 Rxa6 25. Nfd2) 23... b4 24. g4 f5 25. Neg5 {[%emt 0:00:06] [#] aiming for Bxg7.} Bf6 {[%emt 0:00:13] And now ...Bxf3 would win. A strong pair of Bishops.} 26. Re3 {[%emt 0:01:11][%mdl 8192] Black converts the advantage convincingly.} (26. Bg7 $1 $11 {and White has nothing to worry.} Bxg5 27. Nxg5) 26... f4 27. Re4 Bxe4 {[%emt 0:00:18] Dancing on a razor blade.} 28. dxe4 Re7 {[%emt 0:00:22] Black is clearly winning.} 29. Rd5 Qc7 30. Nd2 Nb6 31. f3 Nxd5 32. exd5 e4 33. Ndxe4 {[%emt 0:00:25] [#]} Rxe4 34. fxe4 Qe7 {[%emt 0:01:08] White must now prevent ...Re8.} 35. e5 Qxe5 {[%emt 0:02:13] ( -> ...Qe2)} 36. Nf3 Qe3+ 37. Qf2 Re8 {[%emt 0:00:53] Threatens to win with ...Qd3.} 38. Qxe3 Rxe3 39. Kf2 Bxb2 40. Bxf4 Ra3 41. d6 Kf7 {[%emt 0:30:45] Weighted Error Value: White=0.42/Black=0.06 (flawless)} 0-1

[Event "1st Doppelbauer Kiel IM 2022"]
[Site "Kiel"]
[Date "2022.07.04"]
[Round "8.4"]
[White "Junge, Ralph"]
[Black "Kopylov, Daniel"]
[Result "1-0"]
[ECO "A45"]
[WhiteElo "2224"]
[BlackElo "2292"]
[Annotator "TA"]
[PlyCount "173"]
[EventDate "2022.06.30"]
[EventType "tourn"]
[EventCountry "GER"]
[SourceTitle "playchess.com"]
[Source "ChessBase"]
[SourceQuality "1"]
[TimeControl "40/5400+30:1800+30"]

1. d4 Nf6 2. Bg5 Ne4 3. Bf4 c5 4. f3 Qa5+ 5. c3 Nf6 6. d5 e6 7. e4 exd5 8. exd5 d6 $1 {[%emt 0:00:25] A45: Trompowsky Attack.} 9. Qe2+ (9. Qd2 $14) 9... Kd8 (9... Be7 $1 $11) 10. Qd2 $14 Be7 {[%emt 0:07:53] [#] White is slightly better.} 11. c4 $146 (11. Na3 $16) ({Predecessor:} 11. Na3 Re8 12. Kf2 Bf5 13. Nc4 Qc7 14. a4 Nbd7 15. a5 h6 16. Ne2 g5 17. Ng3 {1-0 (30) Edgell,B (2130)-Fogg,M (1982) England 2016}) 11... Qxd2+ 12. Nxd2 (12. Bxd2 $14 b5 13. Ba5+ Kd7 14. cxb5) 12... Re8 (12... Nh5 $5 13. Bg3 Bf5 $11) 13. Kf2 Nh5 14. Be3 Bf6 ({Black should try} 14... f5 $15 15. f4 Kc7) 15. Ne4 Bxb2 16. Rb1 Be5 17. Ne2 f5 18. Ng5 f4 (18... Kc7 $15) 19. Bd2 Kc7 {[%emt 0:19:52] [#]} (19... Re7 $14) 20. g4 $1 $16 fxg3+ 21. hxg3 Nf6 22. Bh3 ({Avoid the trap} 22. Nxh7 $2 Nxh7 23. f4 (23. Rxh7 $2 Bf5 $19) 23... Bf5 24. fxe5 Bxb1 $19) 22... h6 23. Bxc8 ({But not} 23. Ne6+ Bxe6 24. Bxe6 Nbd7 $11) 23... Kxc8 24. Ne6 Nbd7 25. Nxg7 {[%emt 0:04:28] White is much more active.} (25. f4 {looks sharper.} Ne4+ 26. Ke3 Nxd2 27. Kxd2 Bf6 28. g4) 25... Ng4+ 26. fxg4 Bxg7 27. Bxh6 Bxh6 28. Rxh6 Ne5 29. Rxd6 ({White should play} 29. g5 $16) 29... Kc7 $132 {[%emt 0:03:19][%mdl 2048] Black is not keeping still} 30. Re6 {[%emt 0:03:48] And now g5 would win.} Nxg4+ 31. Kf3 Ne5+ 32. Ke4 {[%emt 0:01:48] Black must now prevent Kxe5.} Nxc4 33. Rh1 {[%emt 0:00:43] Hoping for Rh7+.} Nd2+ 34. Kd3 Rxe6 35. Rh7+ Kd6 36. dxe6 $14 {[%emt 0:00:13][%mdl 4096] Endgame KRN-KRN} Nf3 37. Rxb7 {[%emt 0:05:23] White wants to play Nf4.} Kxe6 38. Kc4 Kd6 39. Kb5 Re8 40. Nc3 Re3 41. Na4 Nd4+ 42. Kc4 Ne6 43. Rxa7 Re4+ 44. Kc3 Nc7 45. Ra5 {[%emt 0:02:47] Prevents Nb5+.} Nd5+ 46. Kd2 Rd4+ 47. Kc1 c4 48. Ra6+ Ke5 49. Rh6 Ne3 50. Rh5+ Kd6 51. Nc3 Rd3 52. Ne4+ Kc6 53. a4 Rd4 54. Rh6+ Kd5 55. Nc3+ Kc5 56. Re6 Rd3 57. Nb5 Rd1+ 58. Kb2 Re1 59. Nc7 Re2+ {[%emt 0:00:02][%mdl 1024] Black has compensation.} 60. Kb1 $2 (60. Ka3 $11) 60... Re1+ $2 (60... c3 {mates} 61. Na6+ Kd5 62. Re8 c2+ 63. Kb2 Nd1+ 64. Kc1 Rxe8 65. Kxc2 Ne3+ 66. Kd3 Kd6 67. Nb4 Rb8 68. Na2 Rb3+ 69. Ke2 Nc4 70. Kd1 Rxg3 71. Nb4 Rg2 72. Nc2 Nb2+ 73. Kc1 Nxa4 74. Ne1 Re2 75. Nd3 Nc3 76. Nc5 Kd5 77. Nb3 Kc4 78. Nc5 Re7 79. Kc2 Kxc5 80. Kxc3 Rd7 81. Kb3 Rd3+ 82. Kc2 Kc4 83. Kb2 Rd2+ 84. Kc1 Kc3 85. Kb1 Rd1+ 86. Ka2 Rh1 87. Ka3 Ra1#) 61. Kb2 $11 Re2+ $2 (61... Kd4 $11 62. Nb5+ Kc5) 62. Kb1 c3 63. Na6+ {[%emt 0:00:59] [#]} Kd4 $2 ({Better is} 63... Kd5 $1 $19 64. Re8 c2+ 65. Kb2 Nd1+ 66. Kc1 Rxe8 67. Kxc2 Ne3+ 68. Kd3 Kd6) 64. Rd6+ Kc4 65. Rc6+ Kd4 (65... Kb3 $5 66. Nc5+ Ka3 $15) 66. Rd6+ Kc4 67. Rc6+ Kb3 68. Nc5+ Ka3 69. Nd3 {[%emt 0:00:32] Against Re1+} c2+ 70. Kc1 Kb3 71. a5 Nd5 72. a6 {[%emt 0:01:48] Threatens to win with a7.} Nc3 $1 73. Rb6+ Kc4 {[%emt 0:00:53] ( -> ...Na2+)} 74. Nb4 {[%emt 0:00:44] Against Na2+} Na4 75. Rb8 {[%emt 0:01:03] Strongly threatening a7.} Kc3 $2 (75... Nc5 $11 76. Nxc2 Nxa6) 76. Nd5+ $18 Kd4 77. a7 Nc5 78. Nf4 ({Less strong is} 78. Rb4+ Ke5 79. Nf4 Re1+ 80. Kxc2 Ra1 $14) 78... Nd3+ 79. Nxd3 {[%emt 0:00:11] White mates.} Kxd3 {[%emt 0:00:01] KR-KR} 80. Rd8+ Kc3 81. Rc8+ Kd3 82. a8=Q Re1+ 83. Kb2 Rb1+ 84. Ka2 c1=Q 85. Qf3+ Kd2 86. Rd8+ Ke1 87. Re8+ {[%emt 0:00:13] Quite a comeback for White.  Weighted Error Value: White=0.26 (precise) /Black=0.21 (precise)} 1-0

[Event "1st Doppelbauer Kiel IM 2022"]
[Site "Kiel"]
[Date "2022.07.04"]
[Round "8.5"]
[White "Ermitsch, Magnus"]
[Black "Fischer, Daniel"]
[Result "1-0"]
[ECO "B48"]
[WhiteElo "2222"]
[BlackElo "2367"]
[Annotator "TA"]
[PlyCount "71"]
[EventDate "2022.06.30"]
[EventType "tourn"]
[EventCountry "GER"]
[SourceTitle "playchess.com"]
[Source "ChessBase"]
[SourceQuality "1"]
[TimeControl "40/5400+30:1800+30"]

1. e4 c5 2. Nf3 e6 3. d4 cxd4 4. Nxd4 Nc6 5. Nc3 Qc7 6. Be3 a6 7. g4 {[%emt 0:00:46] B48: Sicilian: Taimanov: 5 Nc3 Qc7 6 Be3 a6 without Be2.} Nxd4 8. Qxd4 b5 9. O-O-O {[%emt 0:01:03] White is slightly better.} Bb7 10. f3 Rc8 11. Qd2 Bb4 12. Bd4 f6 13. a3 {[%emt 0:10:50] [#]} Bxa3 $146 ({Predecessor:} 13... Bxc3 14. Bxc3 d5 15. Bd3 Ne7 16. g5 e5 17. gxf6 gxf6 18. Ba5 Qd6 19. Rhg1 Kf7 20. exd5 {1-0 (29) Subrota,B (2202)-Swarnavo,C (1945) Dhaka 2022}) 14. Bxb5 Bb4 15. Ba4 $36 {[%emt 1:07:33][%mdl 2048] White is more active.} Kf7 $2 {[%emt 0:21:39] [#]} (15... Bc6 $11 {and Black has nothing to worry.} 16. Bb3 Ne7) 16. Qe3 ({Better is} 16. g5 $1 $18) 16... Bc6 $1 $14 {[%emt 0:04:16] And now ...Bxa4 would win.} 17. Bb3 {[%emt 0:00:00][%cal Oc3d5] Black is now going downhill.} Ne7 {[%emt 0:02:08] Prevents Nd5.} 18. f4 {[%emt 0:00:00][%cal Bf3f4,Bf4f5][%mdl 32] Threatens to win with f5. White is more active.} h6 (18... a5 $16 {might work better.}) 19. f5 $18 Bd6 {[%emt 0:01:54] ...Bf4 is the strong threat.} 20. Rhf1 {[%emt 0:00:00] Against Bf4} Be5 21. h4 {[%emt 0:00:00] Hoping for g5.} Rb8 22. g5 hxg5 23. hxg5 Rb4 24. gxf6 ({Don't do} 24. Bc5 $6 Rxb3 25. cxb3 exf5) 24... gxf6 25. fxe6+ ({Much less strong is} 25. Bc5 Rb7 26. Kb1 Rh2 27. fxe6+ dxe6) 25... dxe6 26. Bc5 Rbb8 27. Qd3 Bb5 {[%emt 0:07:26] [#]} 28. Bxe6+ $1 Kxe6 29. Nxb5 {[%emt 0:00:40] Threatening mate with Qb3+. The board is on fire.} Bf4+ $2 {[%emt 0:03:37] [#]} (29... Qxc5 30. Qb3+ Nd5 31. Rxd5 Rxb5 32. Rxc5+ Rxb3 33. cxb3 Rh3 34. Rc6+ Kf7) 30. Rxf4 $1 Qxf4+ 31. Be3 (31. Kb1 $142 Kf7 32. Qc4+ Kg6 33. Rg1+ Kh6 {[#]} 34. Qb3 $1) 31... Qxe3+ 32. Qxe3 {[%emt 0:00:02] Qb3+ would kill now.} axb5 33. Qb3+ {[%emt 0:00:27] White mates.} Ke5 34. Qb4 Ke6 35. Qd6+ Kf7 36. Rf1 {[%emt 0:00:10] Weighted Error Value: White=0.25 (precise) /Black=0.45} 1-0

[Event "1st Doppelbauer Kiel IM 2022"]
[Site "Kiel"]
[Date "2022.07.05"]
[Round "9.1"]
[White "Fischer, Daniel"]
[Black "Beeck, Mats"]
[Result "1-0"]
[ECO "C93"]
[WhiteElo "2367"]
[BlackElo "2169"]
[Annotator "TA"]
[PlyCount "61"]
[EventDate "2022.06.30"]
[EventType "tourn"]
[EventCountry "GER"]
[SourceTitle "playchess.com"]
[Source "ChessBase"]
[SourceQuality "1"]
[TimeControl "40/5400+30:1800+30"]

1. e4 e5 2. Nf3 Nc6 3. Bb5 a6 4. Ba4 Nf6 5. O-O Be7 6. Re1 b5 7. Bb3 d6 8. c3 O-O 9. h3 Re8 10. d4 Bb7 11. a3 h6 12. Nbd2 Bf8 13. Bc2 Nb8 14. b3 Nbd7 15. a4 {[%emt 0:09:41] C93: Closed Ruy Lopez: Smyslov Variation.} b4 {[%emt 0:13:39] [#]} 16. cxb4 $146 (16. Bb2 {feels hotter.} bxc3 17. Bxc3 exd4 18. Bxd4 a5 19. Rc1) ({Predecessor:} 16. Bb2 bxc3 17. Bxc3 exd4 18. Bxd4 c5 19. Bb2 Qc7 20. Bd3 {½-½ (20) Cvak,R (2353)-Shishkov,P (2353) ICCF email 2017}) 16... exd4 17. Nxd4 {[%emt 0:01:40] The position is equal.} d5 18. exd5 Rxe1+ 19. Qxe1 Nxd5 20. b5 axb5 21. Nxb5 Bb4 (21... Qf6 $5 22. Rb1 Nb4 $11) 22. Qe4 {[%emt 0:06:49] [#] Qh7+ is the strong threat.} N7f6 {[%emt 0:00:23] Against Qh7+} 23. Qf3 Ra6 (23... c6 $11 {keeps the balance.} 24. Na3 Bc3) 24. Nc4 $16 Ba8 25. Bb2 Qe8 (25... Nc3 $142 26. Qf5 g6) 26. Qg3 Re6 27. Nxc7 {[%emt 0:01:20] White is much more active.} Nxc7 28. Qxc7 $40 {[%emt 0:00:02][%mdl 128] Black needs to defend precisely.} ({Better is} 28. Bxf6 $16 Rxf6 29. Qxc7) 28... Ne4 $2 (28... Re1+ $14 29. Rxe1 Qxe1+ 30. Kh2 Qxf2) 29. Rd1 $18 Nd2 $2 (29... Be7 30. Re1 Bf8) 30. Nxd2 Rc6 {[%emt 0:03:32] [#]} 31. Qg3 $1 {[%emt 0:00:23] Weighted Error Value: White=0.13 (very precise) /Black=0.38} 1-0